Senators vs Falcons

Created - Wednesday, December 24, 2014 at 00:19

Goals
1 2 3 OT1 SO T
Senators 0 0 1 0 2 2
Falcons 0 0 1 0 0 1
Shots
1 2 3 OT1 SO T
Senators 11 6 4 1 3 22
Falcons 6 6 11 2 2 25

1st period

No Goal

Penalties :
Chris Thorburn (SPR) for Fighting (Major) at 0:18, Colton Orr (BIN) for Fighting (Major) at 0:18, Andrew MacWilliam (BIN) for High sticking (Minor) at 1:28

2nd period

No Goal

Penalties :
Tyson Strachan (SPR) for Tripping (Minor) at 1:12

3rd period

1. Senators , Josh Leivo 13 (Daine Todd, Martin St. Pierre) at 3:18 (PP)
2. Falcons , Cal O'Reilly 2 (Kevin Connauton) at 15:11

Penalties :
Jeff Taffe (SPR) for Roughing (Minor) at 2:04, Colton Orr (BIN) for Roughing (Minor) at 4:49, Chris Thorburn (SPR) for Hooking (Minor) at 8:44

Overtime #1

No Goal

Penalties :
No Penalty

Shootout

Penalty Shot by Kenny Ryan for Senators - Stopped by Troy Grosenick
Penalty Shot by Cal O'Reilly for Falcons - Stopped by Jean-Francois Berube
Penalty Shot by Kyle Chipchura for Senators - Goal!
Penalty Shot by Drew Shore for Falcons - Stopped by Jean-Francois Berube
Penalty Shot by Colton Orr for Senators - Goal!

Penalties :
No Penalty

Goalie Stats

Jean-Francois Berube (BIN), 24 saves from 25 shots - (0.960), W, 20-8-6, 65:00 minutes
Troy Grosenick (SPR), 21 saves from 22 shots - (0.955), OTL, 15-19-3, 65:00 minutes

Players Stats for Senators

Player Name              G  A  P  +/- PIM S  H  SB GA TA FO     MP     PP MP  PK MP  
------------------------------------------------------------------------------------
Alex Petrovic            0  0  0   0  0   0  0  3  1  0  0/0    18:12   0:10   2:58 
Andrew MacWilliam        0  0  0   0  2   1  1  2  0  3  0/0    16:42   0:00   0:00 
Colton Orr               0  0  0  -1  7   0  2  1  4  2  1/1    16:02   2:45   0:00 
Daine Todd               0  1  1   0  0   0  1  0  1  0  1/1    16:58   2:27   0:00 
David Broll              0  0  0   0  0   0  1  0  1  0  0/0    16:18   0:00   0:20 
Emerson Etem             0  0  0  -1  0   0  0  2  1  0  0/0    16:03   2:45   0:00 
Greg Nemisz              0  0  0   0  0   3  2  1  3  0  5/13   19:27   0:31   0:00 
Greg Pateryn             0  0  0   0  0   3  4  0  0  3  0/0    23:27   2:26   1:00 
Jesse Blacker            0  0  0   0  0   0  1  0  0  0  0/0    23:27   2:26   1:00 
Joe Finley               0  0  0   0  0   0  0  2  0  0  0/0     6:50   0:00   0:00 
Josh Leivo               1  0  1   0  0   3  2  0  2  1  2/4    19:52   2:27   2:47 
Kenny Ryan               0  0  0   0  0   0  1  1  1  0  0/0    12:47   0:00   1:31 
Korbinian Holzer         0  0  0  -1  0   0  3  1  1  2  0/0    26:45   2:36   2:58 
Kyle Chipchura           0  0  0  -1  0   2  5  1  2  0  4/14   22:24   2:14   2:27 
Martin St. Pierre        0  1  1   0  0   3  1  0  2  1  4/7    19:17   2:27   0:51 
Mike Brown               0  0  0   0  0   1  1  0  1  0  0/0     8:38   0:00   0:00 
Steve Eminger            0  0  0  -1  0   4  0  0  1  1  0/0    14:44   2:46   0:00 
Tyler Biggs              0  0  0   0  0   2  1  0  4  0  0/1    18:06   0:00   0:00 

Players Stats for Falcons

Player Name              G  A  P  +/- PIM S  H  SB GA TA FO     MP     PP MP  PK MP  
------------------------------------------------------------------------------------
Adam Pardy               0  0  0   0  0   0  1  1  0  3  0/0    24:43   2:21   4:29 
Austin Watson            0  0  0   0  0   1  1  0  2  1  6/12   19:39   1:47   0:12 
Brian Connelly           0  0  0   0  0   2  1  0  1  3  0/0    25:58   1:37   1:00 
Brian Dumoulin           0  0  0   1  0   0  2  1  2  0  0/0    27:08   1:37   4:12 
Cal O'Reilly             1  0  1   1  0   5  2  0  3  1  9/15   21:37   1:04   3:57 
Chad Ruhwedel            0  0  0   0  0   0  0  0  0  0  0/0     5:39   0:00   0:00 
Chris Thorburn           0  0  0   1  7   0  8  0  5  0  0/0    19:18   0:53   1:01 
Drew Shore               0  0  0   0  0   2  0  0  4  0  0/0    20:50   2:11   0:00 
Jeff Taffe               0  0  0   1  2   0  1  0  0  0  0/0    15:13   0:00   0:31 
Jordan Weal              0  0  0   0  0   0  2  0  0  0  6/11   25:00   2:11   3:37 
Kevin Connauton          0  1  1   0  0   2  1  1  3  2  1/1    18:40   0:00   0:00 
Matt Ellis               0  0  0   0  0   4  1  1  1  0  0/0    10:35   0:00   0:00 
Mitch Callahan           0  0  0   0  0   1  2  0  1  1  0/0    20:16   2:01   0:00 
Nick Shore               0  0  0   0  0   0  0  0  0  0  0/0     1:05   0:00   0:00 
Philip Varone            0  0  0   0  0   3  0  1  1  0  2/2     9:36   0:00   1:06 
Quinton Howden           0  0  0   0  0   4  5  0  2  1  0/0    19:25   1:47   0:00 
Radek Martinek           0  0  0   0  0   0  1  0  0  0  0/0     2:07   0:00   0:00 
Tyson Strachan           0  0  0   1  2   1  3  3  3  2  0/0    27:55   2:21   0:43 

3 Stars

1 - Jean-Francois Berube (BIN)
2 - Troy Grosenick (SPR)
3 - Cal O'Reilly (SPR)

Power Play

Senators - 1 on 3 Attempt(s) - 33.33%
Falcons - 0 on 2 Attempt(s) - 0.00%

Penalty Kill

Senators - 2 on 2 Attempt(s) - 100.00% - Score 0 goal in Penalty Kill
Falcons - 2 on 3 Attempt(s) - 66.67% - Score 0 goal in Penalty Kill

Official

Referees : Unknown
Linesman : Unknown

Game Notes

Chris Thorburn beats up Colton Orr at 0:18 of 1st period

Finance

Level 1 -- Attendance: 1548 (77.40%) -- Ticket Income $54,180
Level 2 -- Attendance: 749 (74.90%) -- Ticket Income $11,235
Total Attendance: 2297 (76.57%)
Total Ticket Income: $65,415
Other Income: $32,053
Total Income: $97,468

Senators

5 vs 5 Forward 
   Center                   Left Wing                Right Wing               Time % Phy DF OF 
 1 Kyle Chipchura           Emerson Etem             Colton Orr               35     1   2  2  
 2 Martin St. Pierre        Josh Leivo               Daine Todd               30     1   2  2  
 3 Greg Nemisz              David Broll              Tyler Biggs              22     1   2  2  
 4 Kyle Chipchura           Mike Brown               Kenny Ryan               13     1   2  2  

5 vs 5 Defense 
   Defense                  Defense                                           Time % Phy DF OF 
 1 Steve Eminger            Korbinian Holzer                                  35     1   2  2  
 2 Greg Pateryn             Jesse Blacker                                     30     1   2  2  
 3 Alex Petrovic            Andrew MacWilliam                                 22     1   2  2  
 4 Joe Finley               Korbinian Holzer                                  13     1   2  2  

PowerPlay Forward 
   Center                   Left Wing                Right Wing               Time % Phy DF OF 
 1 Kyle Chipchura           Emerson Etem             Colton Orr               60     1   2  2  
 2 Martin St. Pierre        Josh Leivo               Daine Todd               40     1   2  2  

PowerPlay Defense
   Defense                  Defense                                           Time % Phy DF OF 
 1 Steve Eminger            Korbinian Holzer                                  60     1   2  2  
 2 Greg Pateryn             Jesse Blacker                                     40     1   2  2  

Penalty Kill 4 Players Forward 
   Center                   Wing                     Time % Phy DF OF 
 1 Josh Leivo               Kyle Chipchura           60     1   2  2  
 2 Colton Orr               Martin St. Pierre        40     1   2  2  

Penalty Kill 4 Players Defense
   Defense                  Defense                  Time % Phy DF OF 
 1 Alex Petrovic            Korbinian Holzer         60     1   2  2  
 2 Greg Pateryn             Jesse Blacker            40     1   2  2  

Penalty Kill - 3 Players Forward 
   Forward                                           Time % Phy DF OF 
 1 Colton Orr                                        60     1   2  2  
 2 Kyle Chipchura                                    40     1   2  2  

Penalty Kill - 3 Players Defense
   Defense                  Defense                  Time % Phy DF OF 
 1 Joe Finley               Korbinian Holzer         60     1   2  2  
 2 Greg Pateryn             Jesse Blacker            40     1   2  2  

4 vs 4 Forward 
   Center                   Wing                     Time % Phy DF OF 
 1 Greg Nemisz              Kyle Chipchura           60     1   2  2  
 2 Colton Orr               Martin St. Pierre        40     1   2  2  

4 vs 4 Defense
   Defense                  Defense                  Time % Phy DF OF 
 1 Andrew MacWilliam        Korbinian Holzer         60     1   2  2  
 2 Greg Pateryn             Jesse Blacker            40     1   2  2  

Last Minutes Offensive
   Center                   Left Wing                Right Wing               Defense                  Defense                  
   Kyle Chipchura           Emerson Etem             Colton Orr               Steve Eminger            Korbinian Holzer         

Last Minutes Defensive
   Center                   Left Wing                Right Wing               Defense                  Defense                  
   Kyle Chipchura           Emerson Etem             Colton Orr               Steve Eminger            Korbinian Holzer         

Goaltenders
Starting : Jean-Francois Berube     
Backup : Cedrick Desjardins       

Extra Forwards
Normal : Greg Nemisz, Tyler Biggs, Kenny Ryan - PP : Greg Nemisz, Tyler Biggs - PK : Kenny Ryan
Extra Defensemen
Normal : Alex Petrovic, Andrew MacWilliam, Joe Finley - PP : Alex Petrovic - PK : Andrew MacWilliam, Joe Finley
Penalty Shots
Kenny Ryan, Kyle Chipchura, Colton Orr, Martin St. Pierre, Josh Leivo

Falcons

5 vs 5 Forward 
   Center                   Left Wing                Right Wing               Time % Phy DF OF 
 1 Jordan Weal              Drew Shore               Chris Thorburn           35     1   2  2  
 2 Austin Watson            Quinton Howden           Mitch Callahan           30     1   2  2  
 3 Jordan Weal              Drew Shore               Matt Ellis               22     1   2  2  
 4 Cal O'Reilly             Drew Shore               Jeff Taffe               13     1   2  2  

5 vs 5 Defense 
   Defense                  Defense                                           Time % Phy DF OF 
 1 Tyson Strachan           Adam Pardy                                        35     1   2  2  
 2 Brian Dumoulin           Brian Connelly                                    30     1   2  2  
 3 Tyson Strachan           Brian Dumoulin                                    22     1   2  2  
 4 Brian Connelly           Kevin Connauton                                   13     1   2  2  

PowerPlay Forward 
   Center                   Left Wing                Right Wing               Time % Phy DF OF 
 1 Jordan Weal              Drew Shore               Chris Thorburn           60     1   2  2  
 2 Austin Watson            Quinton Howden           Mitch Callahan           40     1   2  2  

PowerPlay Defense
   Defense                  Defense                                           Time % Phy DF OF 
 1 Tyson Strachan           Adam Pardy                                        60     1   2  2  
 2 Brian Dumoulin           Brian Connelly                                    40     1   2  2  

Penalty Kill 4 Players Forward 
   Center                   Wing                     Time % Phy DF OF 
 1 Jordan Weal              Cal O'Reilly             60     1   2  2  
 2 Chris Thorburn           Austin Watson            40     1   2  2  

Penalty Kill 4 Players Defense
   Defense                  Defense                  Time % Phy DF OF 
 1 Brian Dumoulin           Adam Pardy               60     1   2  2  
 2 Tyson Strachan           Brian Connelly           40     1   2  2  

Penalty Kill - 3 Players Forward 
   Forward                                           Time % Phy DF OF 
 1 Chris Thorburn                                    60     1   2  2  
 2 Austin Watson                                     40     1   2  2  

Penalty Kill - 3 Players Defense
   Defense                  Defense                  Time % Phy DF OF 
 1 Tyson Strachan           Kevin Connauton          60     1   2  2  
 2 Brian Dumoulin           Brian Connelly           40     1   2  2  

4 vs 4 Forward 
   Center                   Wing                     Time % Phy DF OF 
 1 Cal O'Reilly             Jordan Weal              60     1   2  2  
 2 Chris Thorburn           Austin Watson            40     1   2  2  

4 vs 4 Defense
   Defense                  Defense                  Time % Phy DF OF 
 1 Brian Dumoulin           Tyson Strachan           60     1   2  2  
 2 Kevin Connauton          Brian Connelly           40     1   2  2  

Last Minutes Offensive
   Center                   Left Wing                Right Wing               Defense                  Defense                  
   Austin Watson            Drew Shore               Chris Thorburn           Tyson Strachan           Adam Pardy               

Last Minutes Defensive
   Center                   Left Wing                Right Wing               Defense                  Defense                  
   Austin Watson            Drew Shore               Chris Thorburn           Tyson Strachan           Adam Pardy               

Goaltenders
Starting : Troy Grosenick           
Backup : Farm Player77            

Extra Forwards
Normal : Jordan Weal, Cal O'Reilly, Chris Thorburn - PP : Jordan Weal, Cal O'Reilly - PK : Chris Thorburn
Extra Defensemen
Normal : Brian Connelly, Brian Dumoulin, Tyson Strachan - PP : Brian Dumoulin - PK : Brian Dumoulin, Brian Connelly
Penalty Shots
Cal O'Reilly, Drew Shore, Chris Thorburn, Austin Watson, Jordan Weal

% Time on Ice - Senators

Lines # - Real PCT - Wanted PCT - Time Play
Normal Forward
1 - 27% - 35% - 13:38
2 - 27% - 30% - 13:46
3 - 29% - 22% - 14:48
4 - 17% - 13% - 8:38
Normal Defense
1 - 24% - 35% - 12:24
2 - 35% - 30% - 17:52
3 - 27% - 22% - 13:44
4 - 13% - 13% - 6:50
PP Forward
1 - 53% - 60% - 2:45
2 - 47% - 40% - 2:27
PP Defense
1 - 53% - 60% - 2:46
2 - 47% - 40% - 2:26
PK Forward
1 - 79% - 60% - 3:07
2 - 21% - 40% - 0:51
PK Defense
1 - 75% - 60% - 2:58
2 - 25% - 40% - 1:00
PK3 Forward
1 - 0% - 60%
2 - 0% - 40%
PK3 Defense
1 - 0% - 60%
2 - 0% - 40%
44 Forward
1 - 86% - 60% - 4:17
2 - 14% - 40% - 0:43
44 Defense
1 - 57% - 60% - 2:51
2 - 43% - 40% - 2:09
Last Minute Offensive  - 0:00
Last Minute Defensive  - 0:00
Total
Forward - 65:00
Defense - 65:00

% Time on Ice - Falcons

Lines # - Real PCT - Wanted PCT - Time Play
Normal Forward
1 - 24% - 35% - 12:25
2 - 35% - 30% - 18:01
3 - 15% - 22% - 7:49
4 - 25% - 13% - 12:35
Normal Defense
1 - 31% - 35% - 15:41
2 - 23% - 30% - 11:50
3 - 16% - 22% - 8:22
4 - 29% - 13% - 14:57
PP Forward
1 - 55% - 60% - 2:11
2 - 45% - 40% - 1:47
PP Defense
1 - 59% - 60% - 2:21
2 - 41% - 40% - 1:37
PK Forward
1 - 96% - 60% - 5:00
2 - 4% - 40% - 0:12
PK Defense
1 - 81% - 60% - 4:12
2 - 19% - 40% - 1:00
PK3 Forward
1 - 0% - 60%
2 - 0% - 40%
PK3 Defense
1 - 0% - 60%
2 - 0% - 40%
44 Forward
1 - 100% - 60% - 5:00
2 - 0% - 40% - 0:00
44 Defense
1 - 62% - 60% - 3:05
2 - 38% - 40% - 1:55
Last Minute Offensive  - 0:00
Last Minute Defensive  - 0:00
Total
Forward - 65:00
Defense - 65:00

Play by Play

1st period


0:01 of 1st period - Kyle Chipchura wins face-off versus Jordan Weal in neutral zone.
0:04 of 1st period - Snap shot by Colton Orr.
0:04 of 1st period - Deflect By Drew Shore.
0:04 of 1st period - Shot Misses the Net.
0:04 of 1st period - Puck is out of play.
0:05 of 1st period - Jordan Weal wins face-off versus Kyle Chipchura in Falcons zone.
0:05 of 1st period - Jordan Weal is hit by Colton Orr.
0:18 of 1st period - Chris Thorburn beats up Colton Orr.
0:18 of 1st period - Penalty to Chris Thorburn for Fighting.
0:18 of 1st period - Penalty to Colton Orr for Fighting.
0:19 of 1st period - Martin St. Pierre wins face-off versus Austin Watson in Senators zone.
0:52 of 1st period - Greg Pateryn is hit by Brian Dumoulin and loses puck.
1:28 of 1st period - Minor Penalty to Andrew MacWilliam for High sticking.
1:29 of 1st period - Jordan Weal wins face-off versus Josh Leivo in Senators zone.
1:29 of 1st period - Snap shot by Drew Shore.
1:29 of 1st period - Stopped by Jean-Francois Berube without a rebound.
1:30 of 1st period - Josh Leivo wins face-off versus Cal O'Reilly in Senators zone.
1:30 of 1st period - Josh Leivo is hit by Adam Pardy.
2:31 of 1st period - Greg Pateryn is hit by Mitch Callahan and loses puck.
2:44 of 1st period - Jesse Blacker is hit by Quinton Howden and loses puck.
3:28 of 1st period - Penalty to Andrew MacWilliam is over, Andrew MacWilliam is back on ice.
3:32 of 1st period - Kyle Chipchura is hit by Jordan Weal.
3:44 of 1st period - Snap shot by Greg Nemisz.
3:44 of 1st period - Stopped by Troy Grosenick with a rebound.
4:10 of 1st period - Tyler Biggs is hit by Cal O'Reilly and loses puck.
5:07 of 1st period - Snap shot by Matt Ellis.
5:07 of 1st period - Stopped by Jean-Francois Berube with a rebound.
5:09 of 1st period - Slapshot by Brian Connelly.
5:09 of 1st period - Stopped by Jean-Francois Berube with a rebound.
5:11 of 1st period - Slapshot by Kevin Connauton.
5:11 of 1st period - Shot Blocked by Alex Petrovic.
5:13 of 1st period - Slapshot by Philip Varone.
5:13 of 1st period - Stopped by Jean-Francois Berube with a rebound.
5:15 of 1st period - Backhand shot by Matt Ellis.
5:15 of 1st period - Stopped by Jean-Francois Berube with a rebound.
5:17 of 1st period - Wrist shot by Matt Ellis.
5:17 of 1st period - Shot Misses the Net.
5:31 of 1st period - Adam Pardy is hit by Andrew MacWilliam and loses puck.
5:53 of 1st period - Wrist shot by Martin St. Pierre.
5:53 of 1st period - Shot Blocked by Philip Varone.
5:55 of 1st period - Snap shot by Martin St. Pierre.
5:55 of 1st period - Stopped by Troy Grosenick without a rebound.
5:56 of 1st period - Martin St. Pierre wins face-off versus Austin Watson in Falcons zone.
5:59 of 1st period - Wrist shot by Josh Leivo.
5:59 of 1st period - Shot Misses the Net.
6:01 of 1st period - Slapshot by Greg Pateryn.
6:01 of 1st period - Shot Blocked by Kevin Connauton.
6:41 of 1st period - Drew Shore is hit by Jesse Blacker and loses puck.
6:46 of 1st period - Snap shot by Steve Eminger.
6:46 of 1st period - Stopped by Troy Grosenick with a rebound.
6:48 of 1st period - Snap shot by Tyler Biggs.
6:48 of 1st period - Stopped by Troy Grosenick with a rebound.
6:50 of 1st period - Snap shot by Greg Nemisz.
6:50 of 1st period - Stopped by Troy Grosenick with a rebound.
6:52 of 1st period - Slapshot by Greg Nemisz.
6:52 of 1st period - Stopped by Troy Grosenick with a rebound.
6:54 of 1st period - Slapshot by Steve Eminger.
6:54 of 1st period - Stopped by Troy Grosenick with a rebound.
6:58 of 1st period - Slapshot by Steve Eminger.
6:58 of 1st period - Shot Misses the Net.
7:14 of 1st period - Josh Leivo is hit by Chris Thorburn and loses puck.
7:40 of 1st period - Brian Dumoulin is hit by Josh Leivo and loses puck.
8:35 of 1st period - Off-side.
8:36 of 1st period - Philip Varone wins face-off versus Kyle Chipchura in neutral zone.
8:53 of 1st period - Jesse Blacker is hit by Kevin Connauton and loses puck.
9:24 of 1st period - Kenny Ryan is hit by Quinton Howden and loses puck.
10:37 of 1st period - Icing by Korbinian Holzer.
10:38 of 1st period - Greg Nemisz wins face-off versus Austin Watson in Senators zone.
10:49 of 1st period - Wrist shot by Quinton Howden.
10:49 of 1st period - Shot Blocked by Joe Finley.
11:07 of 1st period - Colton Orr is hit by Chris Thorburn and loses puck.
11:12 of 1st period - Snap shot by Chris Thorburn.
11:12 of 1st period - Shot Blocked by Alex Petrovic.
11:34 of 1st period - Snap shot by Josh Leivo.
11:34 of 1st period - Stopped by Troy Grosenick without a rebound.
11:35 of 1st period - Jordan Weal wins face-off versus Martin St. Pierre in Falcons zone.
11:42 of 1st period - Martin St. Pierre is hit by Matt Ellis and loses puck.
12:00 of 1st period - Daine Todd is hit by Jeff Taffe.
12:42 of 1st period - Snap shot by Mike Brown.
12:42 of 1st period - Stopped by Troy Grosenick with a rebound.
12:54 of 1st period - Snap shot by Greg Nemisz.
12:54 of 1st period - Shot Misses the Net.
12:56 of 1st period - Snap shot by Greg Pateryn.
12:56 of 1st period - Stopped by Troy Grosenick with a rebound.
14:15 of 1st period - Korbinian Holzer is hit by Chris Thorburn and loses puck.
14:22 of 1st period - Wrist shot by Chris Thorburn.
14:22 of 1st period - Shot Blocked by Korbinian Holzer.
14:56 of 1st period - Wrist shot by Philip Varone.
14:56 of 1st period - Stopped by Jean-Francois Berube without a rebound.
14:57 of 1st period - Greg Nemisz wins face-off versus Cal O'Reilly in Senators zone.
15:15 of 1st period - Icing by Greg Pateryn.
15:16 of 1st period - Cal O'Reilly wins face-off versus Greg Nemisz in Senators zone.
15:45 of 1st period - Snap shot by Martin St. Pierre.
15:45 of 1st period - Stopped by Troy Grosenick with a rebound.
15:47 of 1st period - Backhand shot by Daine Todd.
15:47 of 1st period - Shot Blocked by Matt Ellis.
16:34 of 1st period - Icing by Kyle Chipchura.
16:35 of 1st period - Cal O'Reilly wins face-off versus Kyle Chipchura in Senators zone.
16:58 of 1st period - Josh Leivo is hit by Chris Thorburn and loses puck.
17:58 of 1st period - Tyson Strachan is hit by Mike Brown and loses puck.
19:26 of 1st period - Drew Shore is hit by Josh Leivo.
19:50 of 1st period - Alex Petrovic is hit by Tyson Strachan and loses puck.
Goals for this period are 0 for Senators vs 0 for Falcons.
Shots for this period are 11 for Senators vs 6 for Falcons.

2nd period


0:01 of 2nd period - Jordan Weal wins face-off versus Kyle Chipchura in neutral zone.
0:29 of 2nd period - Brian Dumoulin is hit by Korbinian Holzer and loses puck.
1:12 of 2nd period - Minor Penalty to Tyson Strachan for Tripping.
1:13 of 2nd period - Kyle Chipchura wins face-off versus Jordan Weal in Falcons zone.
1:55 of 2nd period - Snap shot by Josh Leivo.
1:55 of 2nd period - Deflect By Martin St. Pierre.
1:55 of 2nd period - Stopped by Troy Grosenick with a rebound.
2:31 of 2nd period - Steve Eminger is hit by Chris Thorburn and loses puck.
2:50 of 2nd period - Snap shot by Martin St. Pierre.
2:50 of 2nd period - Shot Misses the Net.
2:52 of 2nd period - Slapshot by Steve Eminger.
2:52 of 2nd period - Stopped by Troy Grosenick with a rebound.
2:54 of 2nd period - Snap shot by Steve Eminger.
2:54 of 2nd period - Stopped by Troy Grosenick without a rebound.
2:55 of 2nd period - Martin St. Pierre wins face-off versus Jordan Weal in Falcons zone.
3:10 of 2nd period - Snap shot by Kyle Chipchura.
3:10 of 2nd period - Stopped by Troy Grosenick with a rebound.
3:12 of 2nd period - Penalty to Tyson Strachan is over, Tyson Strachan is back on ice.
3:49 of 2nd period - Korbinian Holzer is hit by Mitch Callahan and loses puck.
3:54 of 2nd period - Slapshot by Kevin Connauton.
3:54 of 2nd period - Deflect By Quinton Howden.
3:54 of 2nd period - Shot Blocked by Greg Nemisz.
3:54 of 2nd period - Puck is out of play.
3:55 of 2nd period - Daine Todd wins face-off versus Cal O'Reilly in Senators zone.
5:30 of 2nd period - Wrist shot by Austin Watson.
5:30 of 2nd period - Deflect By Quinton Howden.
5:30 of 2nd period - Shot Misses the Net.
5:30 of 2nd period - Puck is out of play.
5:31 of 2nd period - Austin Watson wins face-off versus Martin St. Pierre in Senators zone.
5:34 of 2nd period - Wrist shot by Mitch Callahan.
5:34 of 2nd period - Stopped by Jean-Francois Berube with a rebound.
6:20 of 2nd period - Greg Nemisz is hit by Chris Thorburn and loses puck.
6:27 of 2nd period - Drew Shore is hit by Greg Nemisz and loses puck.
6:38 of 2nd period - Wrist shot by Kyle Chipchura.
6:38 of 2nd period - Shot Blocked by Brian Dumoulin.
6:40 of 2nd period - Slapshot by Andrew MacWilliam.
6:40 of 2nd period - Shot Misses the Net.
6:42 of 2nd period - Slapshot by Alex Petrovic.
6:42 of 2nd period - Shot Blocked by Tyson Strachan.
6:44 of 2nd period - Slapshot by Andrew MacWilliam.
6:44 of 2nd period - Stopped by Troy Grosenick without a rebound.
6:45 of 2nd period - Austin Watson wins face-off versus Kyle Chipchura in Falcons zone.
6:45 of 2nd period - Austin Watson is hit by Kyle Chipchura.
7:54 of 2nd period - Wrist shot by Greg Nemisz.
7:54 of 2nd period - Shot Blocked by Adam Pardy.
8:30 of 2nd period - Daine Todd is hit by Brian Dumoulin and loses puck.
9:05 of 2nd period - Chris Thorburn is hit by Greg Pateryn and loses puck.
9:22 of 2nd period - Kevin Connauton is hit by Greg Pateryn and loses puck.
9:33 of 2nd period - Snap shot by Kevin Connauton.
9:33 of 2nd period - Shot Blocked by Andrew MacWilliam.
9:48 of 2nd period - Wrist shot by Adam Pardy.
9:48 of 2nd period - Deflect By Matt Ellis.
9:48 of 2nd period - Stopped by Jean-Francois Berube with a rebound.
9:54 of 2nd period - Wrist shot by Drew Shore.
9:54 of 2nd period - Shot Misses the Net.
9:56 of 2nd period - Backhand shot by Matt Ellis.
9:56 of 2nd period - Stopped by Jean-Francois Berube with a rebound.
10:33 of 2nd period - Kenny Ryan is hit by Cal O'Reilly and loses puck.
12:05 of 2nd period - Daine Todd is hit by Brian Connelly and loses puck.
14:37 of 2nd period - Slapshot by Martin St. Pierre.
14:37 of 2nd period - Shot Blocked by Tyson Strachan.
14:39 of 2nd period - Snap shot by Greg Pateryn.
14:39 of 2nd period - Shot Blocked by Tyson Strachan.
14:41 of 2nd period - Snap shot by Greg Pateryn.
14:41 of 2nd period - Stopped by Troy Grosenick with a rebound.
14:43 of 2nd period - Slapshot by Greg Pateryn.
14:43 of 2nd period - Shot Misses the Net.
16:12 of 2nd period - Kevin Connauton is hit by Greg Pateryn and loses puck.
16:43 of 2nd period - Snap shot by Austin Watson.
16:43 of 2nd period - Shot Misses the Net.
17:07 of 2nd period - Steve Eminger is hit by Radek Martinek and loses puck.
17:42 of 2nd period - Steve Eminger is hit by Quinton Howden and loses puck.
18:09 of 2nd period - Steve Eminger is hit by Austin Watson and loses puck.
18:39 of 2nd period - Snap shot by Drew Shore.
18:39 of 2nd period - Deflect By Kevin Connauton.
18:39 of 2nd period - Stopped by Jean-Francois Berube without a rebound.
18:40 of 2nd period - Kevin Connauton wins face-off versus Greg Nemisz in Senators zone.
19:26 of 2nd period - Snap shot by Cal O'Reilly.
19:26 of 2nd period - Deflect By Quinton Howden.
19:26 of 2nd period - Stopped by Jean-Francois Berube with a rebound.
19:28 of 2nd period - Slapshot by Cal O'Reilly.
19:28 of 2nd period - Stopped by Jean-Francois Berube with a rebound.
19:30 of 2nd period - Backhand shot by Chad Ruhwedel.
19:30 of 2nd period - Shot Misses the Net.
Goals for this period are 0 for Senators vs 0 for Falcons.
Shots for this period are 6 for Senators vs 6 for Falcons.

3rd period


0:01 of 3rd period - Jordan Weal wins face-off versus Kyle Chipchura in neutral zone.
0:09 of 3rd period - Wrist shot by Drew Shore.
0:09 of 3rd period - Stopped by Jean-Francois Berube with a rebound.
0:11 of 3rd period - Snap shot by Tyson Strachan.
0:11 of 3rd period - Shot Blocked by Colton Orr.
0:13 of 3rd period - Slapshot by Tyson Strachan.
0:13 of 3rd period - Shot Blocked by Emerson Etem.
0:29 of 3rd period - Adam Pardy is hit by Kyle Chipchura and loses puck.
0:55 of 3rd period - Josh Leivo is hit by Quinton Howden and loses puck.
1:46 of 3rd period - Wrist shot by Tyler Biggs.
1:46 of 3rd period - Stopped by Troy Grosenick with a rebound.
2:04 of 3rd period - Minor Penalty to Jeff Taffe for Roughing.
2:05 of 3rd period - Colton Orr wins face-off versus Jordan Weal in Falcons zone.
2:50 of 3rd period - Adam Pardy is hit by Daine Todd and loses puck.
3:18 of 3rd period - Snap shot by Josh Leivo.
3:18 of 3rd period - Goal by Josh Leivo - Senators : 1 - Falcons : 0.
3:19 of 3rd period - Austin Watson wins face-off versus Greg Nemisz in neutral zone.
4:12 of 3rd period - Jesse Blacker is hit by Chris Thorburn.
4:22 of 3rd period - Slapshot by Drew Shore.
4:22 of 3rd period - Shot Misses the Net.
4:24 of 3rd period - Slapshot by Brian Dumoulin.
4:24 of 3rd period - Shot Blocked by Emerson Etem.
4:31 of 3rd period - Icing by Greg Pateryn.
4:32 of 3rd period - Cal O'Reilly wins face-off versus Kyle Chipchura in Senators zone.
4:47 of 3rd period - Slapshot by Cal O'Reilly.
4:47 of 3rd period - Stopped by Jean-Francois Berube with a rebound.
4:49 of 3rd period - Minor Penalty to Colton Orr for Roughing.
4:50 of 3rd period - Josh Leivo wins face-off versus Austin Watson in Senators zone.
5:24 of 3rd period - Snap shot by Quinton Howden.
5:24 of 3rd period - Shot Blocked by Kyle Chipchura.
5:26 of 3rd period - Wrist shot by Quinton Howden.
5:26 of 3rd period - Shot Misses the Net.
5:28 of 3rd period - Wrist shot by Quinton Howden.
5:28 of 3rd period - Deflect By Austin Watson.
5:28 of 3rd period - Stopped by Jean-Francois Berube with a rebound.
6:12 of 3rd period - Austin Watson is hit by Kyle Chipchura and loses puck.
6:37 of 3rd period - David Broll is hit by Tyson Strachan and loses puck.
6:49 of 3rd period - Penalty to Colton Orr is over, Colton Orr is back on ice.
6:54 of 3rd period - Adam Pardy is hit by David Broll and loses puck.
7:00 of 3rd period - Off-side.
7:01 of 3rd period - Greg Nemisz wins face-off versus Austin Watson in neutral zone.
7:04 of 3rd period - Slapshot by Greg Pateryn.
7:04 of 3rd period - Stopped by Troy Grosenick without a rebound.
7:05 of 3rd period - Austin Watson wins face-off versus Greg Nemisz in Falcons zone.
7:05 of 3rd period - Austin Watson is hit by Greg Nemisz.
7:58 of 3rd period - Colton Orr is hit by Jordan Weal and loses puck.
8:44 of 3rd period - Minor Penalty to Chris Thorburn for Hooking.
8:45 of 3rd period - Martin St. Pierre wins face-off versus Jordan Weal in Falcons zone.
9:04 of 3rd period - Snap shot by Josh Leivo.
9:04 of 3rd period - Stopped by Troy Grosenick with a rebound.
9:18 of 3rd period - Adam Pardy is hit by Kyle Chipchura and loses puck.
9:47 of 3rd period - Brian Connelly is hit by Korbinian Holzer and loses puck.
10:32 of 3rd period - Adam Pardy is hit by Colton Orr and loses puck.
10:44 of 3rd period - Penalty to Chris Thorburn is over, Chris Thorburn is back on ice.
11:11 of 3rd period - Snap shot by Quinton Howden.
11:11 of 3rd period - Shot Blocked by Andrew MacWilliam.
12:01 of 3rd period - Korbinian Holzer is hit by Tyson Strachan and loses puck.
12:24 of 3rd period - Snap shot by Quinton Howden.
12:24 of 3rd period - Shot Blocked by Kenny Ryan.
12:46 of 3rd period - Snap shot by Drew Shore.
12:46 of 3rd period - Shot Blocked by Joe Finley.
13:02 of 3rd period - Adam Pardy is hit by Kenny Ryan and loses puck.
13:09 of 3rd period - Wrist shot by Quinton Howden.
13:09 of 3rd period - Stopped by Jean-Francois Berube without a rebound.
13:10 of 3rd period - Austin Watson wins face-off versus Josh Leivo in Senators zone.
13:51 of 3rd period - Slapshot by Brian Connelly.
13:51 of 3rd period - Stopped by Jean-Francois Berube with a rebound.
14:05 of 3rd period - Wrist shot by Quinton Howden.
14:05 of 3rd period - Stopped by Jean-Francois Berube with a rebound.
14:07 of 3rd period - Slapshot by Adam Pardy.
14:07 of 3rd period - Deflect By Quinton Howden.
14:07 of 3rd period - Deflect By Martin St. Pierre.
14:07 of 3rd period - Stopped by Jean-Francois Berube without a rebound.
14:08 of 3rd period - Kyle Chipchura wins face-off versus Austin Watson in Senators zone.
14:57 of 3rd period - Slapshot by Kevin Connauton.
14:57 of 3rd period - Stopped by Jean-Francois Berube without a rebound.
14:58 of 3rd period - Cal O'Reilly wins face-off versus Greg Nemisz in Senators zone.
15:01 of 3rd period - Slapshot by Cal O'Reilly.
15:01 of 3rd period - Stopped by Jean-Francois Berube without a rebound.
15:02 of 3rd period - Cal O'Reilly wins face-off versus Kyle Chipchura in Senators zone.
15:11 of 3rd period - Wrist shot by Cal O'Reilly.
15:11 of 3rd period - Goal by Cal O'Reilly - Senators : 1 - Falcons : 1.
15:12 of 3rd period - Austin Watson wins face-off versus Martin St. Pierre in neutral zone.
15:57 of 3rd period - Slapshot by Drew Shore.
15:57 of 3rd period - Shot Misses the Net.
15:59 of 3rd period - Slapshot by Tyson Strachan.
15:59 of 3rd period - Shot Misses the Net.
16:35 of 3rd period - Quinton Howden is hit by Martin St. Pierre and loses puck.
16:48 of 3rd period - Kyle Chipchura is hit by Quinton Howden and loses puck.
17:45 of 3rd period - Off-side.
17:46 of 3rd period - Cal O'Reilly wins face-off versus Kyle Chipchura in neutral zone.
17:51 of 3rd period - Snap shot by Drew Shore.
17:51 of 3rd period - Shot Blocked by Alex Petrovic.
17:53 of 3rd period - Snap shot by Cal O'Reilly.
17:53 of 3rd period - Stopped by Jean-Francois Berube without a rebound.
17:54 of 3rd period - Kyle Chipchura wins face-off versus Cal O'Reilly in Senators zone.
18:33 of 3rd period - Cal O'Reilly is hit by Tyler Biggs and loses puck.
18:38 of 3rd period - Slapshot by Greg Nemisz.
18:38 of 3rd period - Shot Misses the Net.
18:40 of 3rd period - Wrist shot by Tyler Biggs.
18:40 of 3rd period - Shot Misses the Net.
18:42 of 3rd period - Backhand shot by Alex Petrovic.
18:42 of 3rd period - Shot Misses the Net.
19:17 of 3rd period - Off-side.
19:18 of 3rd period - Jordan Weal wins face-off versus Kyle Chipchura in neutral zone.
Goals for this period are 1 for Senators vs 1 for Falcons.
Shots for this period are 4 for Senators vs 11 for Falcons.

Overtime #1


0:01 of 1st overtime period - Greg Nemisz wins face-off versus Cal O'Reilly in neutral zone.
0:06 of 1st overtime period - Slapshot by Greg Nemisz.
0:06 of 1st overtime period - Deflect By Kyle Chipchura.
0:06 of 1st overtime period - Shot Misses the Net.
0:06 of 1st overtime period - Puck is out of play.
0:07 of 1st overtime period - Cal O'Reilly wins face-off versus Greg Nemisz in Falcons zone.
0:16 of 1st overtime period - Slapshot by Tyson Strachan.
0:16 of 1st overtime period - Stopped by Jean-Francois Berube without a rebound.
0:17 of 1st overtime period - Greg Nemisz wins face-off versus Cal O'Reilly in Senators zone.
0:23 of 1st overtime period - Off-side.
0:24 of 1st overtime period - Cal O'Reilly wins face-off versus Greg Nemisz in neutral zone.
0:41 of 1st overtime period - Wrist shot by Kyle Chipchura.
0:41 of 1st overtime period - Deflect By Cal O'Reilly.
0:41 of 1st overtime period - Stopped by Troy Grosenick with a rebound.
1:01 of 1st overtime period - Snap shot by Greg Nemisz.
1:01 of 1st overtime period - Shot Misses the Net.
1:21 of 1st overtime period - Cal O'Reilly is hit by Korbinian Holzer and loses puck.
1:29 of 1st overtime period - Off-side.
1:30 of 1st overtime period - Cal O'Reilly wins face-off versus Greg Nemisz in neutral zone.
1:46 of 1st overtime period - Wrist shot by Greg Nemisz.
1:46 of 1st overtime period - Shot Misses the Net.
2:28 of 1st overtime period - Jesse Blacker is hit by Chris Thorburn and loses puck.
4:00 of 1st overtime period - Slapshot by Philip Varone.
4:00 of 1st overtime period - Stopped by Jean-Francois Berube without a rebound.
4:01 of 1st overtime period - Philip Varone wins face-off versus Tyler Biggs in Senators zone.
4:18 of 1st overtime period - Jordan Weal is hit by Greg Pateryn and loses puck.
4:35 of 1st overtime period - Jeff Taffe is hit by Kyle Chipchura and loses puck.
Goals for this period are 0 for Senators vs 0 for Falcons.
Shots for this period are 1 for Senators vs 2 for Falcons.

ShootOut


5:00 of 1st overtime period - Penalty Shot by Kenny Ryan for Senators.
5:00 of 1st overtime period - Wrist shot by Kenny Ryan.
5:00 of 1st overtime period - Stopped by Troy Grosenick.
5:00 of 1st overtime period - Penalty Shot by Cal O'Reilly for Falcons.
5:00 of 1st overtime period - Wrist shot by Cal O'Reilly.
5:00 of 1st overtime period - Stopped by Jean-Francois Berube.
5:00 of 1st overtime period - Penalty Shot by Kyle Chipchura for Senators.
5:00 of 1st overtime period - Snap shot by Kyle Chipchura.
5:00 of 1st overtime period - Goal by Kyle Chipchura.
5:00 of 1st overtime period - Penalty Shot by Drew Shore for Falcons.
5:00 of 1st overtime period - Wrist shot by Drew Shore.
5:00 of 1st overtime period - Stopped by Jean-Francois Berube.
5:00 of 1st overtime period - Penalty Shot by Colton Orr for Senators.
5:00 of 1st overtime period - Deke by Colton Orr.
5:00 of 1st overtime period - Goal by Colton Orr.


Output by the SimonT Hockey Simulator (STHS) for Eric Dolegowski -- Original Page W3C XHTML 1.0 Valid
Hockey Simulator - Hockey Simulation - Hockey Manager